 Dungeon Crawl Stone Soup version 0.29.0-4-gdea44cf6ec (webtiles) character file.

Game seed: 5314296009767387789

68 qw the Chopper (level 4, 0/26 HPs)
             Began as a Tengu Warper on Aug 28, 2022.
             Slain by a worm (8 damage)
             ... on level 2 of the Dungeon.
             The game lasted 00:00:10 (2531 turns).

qw the Chopper (Tengu Warper)                       Turns: 2531, Time: 00:00:11

Health: 0/26       AC:  8    Str: 13    XL:     4   Next: 19%
Magic:  8/8        EV:  5    Int: 14    God:
Gold:   45         SH:  4    Dex: 13    Spells: 7/7 levels left

rFire   . . .      SeeInvis .   Y - +0 hand axe
rCold   . . .      Faith    .   g - +0 buckler
rNeg    . . .      Spirit   .   i - +0 chain mail
rPois   .          Reflect  .   (helmet restricted)
rElec   .          Harm     .   (no cloak)
rCorr   .          Rampage  .   (no gloves)
Will    .....                   (boots unavailable)
Stlth   ..........              (no amulet)
HPRegen 0.08/turn               (no ring)
MPRegen 0.11/turn               (no ring)

@: no status effects
A: beak, talons 3
a: no special abilities


You were on level 2 of the Dungeon.
You visited 1 branch of the dungeon, and saw 2 of its levels.

You collected 87 gold pieces.
You spent 42 gold pieces at shops.


Innate Abilities, Weirdness & Mutations

You have a beak for a mouth.
You have claws for feet.


   Skills:
 - Level 2.0 Fighting
 + Level 4.5 Axes
 - Level 1.0 Throwing
 - Level 1.1 Armour
 - Level 2.1 Dodging
 - Level 1.1 Shields
 - Level 2.0 Spellcasting
 - Level 2.4 Translocations


You had 7 spell levels left.
You didn't know any spells.
Your spell library contained the following spells:

 Spells                   Type           Power      Damage    Failure   Level
 Blink                    Tloc           16%        N/A       100%        2
 Gell's Gravitas          Tloc           8%         N/A       100%        3
 Lesser Beckoning         Tloc           8%         N/A       100%        3
 Teleport Other           Tloc           8%         N/A       100%        3
 Manifold Assault         Tloc           8%         N/A       100%        5

Inventory:

Hand Weapons
 k - a +0 mace
 Y - a +0 hand axe (weapon)
Armour
 b - a +0 pair of gloves
 g - a +0 buckler (worn)
 i - a +0 chain mail (worn)
Scrolls
 c - a scroll of identify {unknown}
 e - a scroll of noise {unknown}
Potions
 a - a potion of berserk rage {unknown}
 d - 2 potions of lignification {unknown}
 j - a potion of brilliance {unknown}

Dungeon Overview and Level Annotations

Branches:
Dungeon (2/15)

Altars:

Shops:
D:1 (   D:2 [

Annotations:
D:2 1 runed translucent door, Crazy Yiuf, Natasha


Message History

A worm comes into view.
2514 ||| Stepping ~*~*~tactically~*~*~ (stealth).
e - a scroll labelled TAUZUZUYTU
Found a faded altar of an unknown god.
Natasha hisses angrily.
A quokka comes into view.
You enter the shallow water.
Moving in this stuff is going to be slow.
Natasha claws you.
2526 ||| Stepping ~*~*~tactically~*~*~ (water).
Natasha claws you.
The quokka bites you but does no damage.
Natasha claws you.
You hit Natasha. You claw Natasha.
Natasha is heavily wounded.
You hit the quokka but do no damage. The quokka bites you.
Natasha mumbles some strange words.
The quokka barely misses you.
You hit Natasha. Your kick misses Natasha.
Natasha is almost dead.
You barely miss the quokka. The quokka closely misses you.
You block Natasha's attack.
You barely miss Natasha. Your kick misses Natasha. Your peck misses Natasha.
Natasha is almost dead.
You closely miss the quokka.
The quokka bites you but does no damage.
Natasha casts a spell at you. The magic dart hits you.
You closely miss Natasha. You claw Natasha, but do no damage.
Natasha is almost dead.
You hit the worm but do no damage. You hit the quokka but do no damage.
The quokka barely misses you. Natasha claws you.
The quokka bites you but does no damage.
You hit Natasha.
Natasha is almost dead.
You hit the white imp but do no damage. You hit the worm. You hit the quokka.
Natasha claws you. The white imp completely misses you. The quokka bites you.
The worm bites you!
You die...

........###...##
#.....#.#
#..#####
##...##.#
#......# #...
... ##.###.#
#..#
#.#.#¤¤¤...# #..
#.#..¤~~~~.##
....¤¤¤¤..~.##
#.~~.....w..##
#.¤.~~...~@~~.#
.~..~.~~~hr5.~.#
~~~~~~.~...¤.#
...~_.~....~.#
~~~~~~.~...~.#
#.#
..~.~~~.~..~¤#
#.#
~.~¤...~.~~.##
#.#
.~¤.....~..##
#.# .[.


You could see a worm, Natasha, a white imp (summoned) and a quokka.

Vanquished Creatures
  Natasha (D:2)
  An adder (D:2)
  6 endoplasms
  2 giant cockroaches (D:2)
  3 goblins
  4 hobgoblins
  3 jackals (D:1)
  2 kobolds
  A quokka (D:1)
  A ball python (D:1)
  A bat (D:2)
  3 frilled lizards
  2 rats
30 creatures vanquished.

Notes
Turn   | Place    | Note
-------+----------+-------------------------------------------
     0 | D:1      | qw the Tengu Warper began the quest for the Orb.
     0 | D:1      | Reached XP level 1. HP: 12/12 MP: 4/4
     0 | D:1      | 0 ||| qw: Version: 0.1-a-89-g26bdef1
     0 | D:1      | 0 ||| qw: Game counter: 832
     0 | D:1      | 0 ||| qw: Always use a shield: true
     0 | D:1      | 0 ||| qw: God list: Okawaru
     0 | D:1      | 0 ||| qw: Allow faded altars: false
     0 | D:1      | 0 ||| qw: Do Orc after D:15 true
     0 | D:1      | 0 ||| qw: Do second Lair branch before Depths: true
     0 | D:1      | 0 ||| qw: Lair rune preference: random
     0 | D:1      | 0 ||| qw: Plans: Normal
     0 | D:1      | 0 ||| PLANNING D:1-11
   361 | D:1      | Reached XP level 2. HP: 17/17 MP: 6/6
   363 | D:1      | Reached skill level 3 in Axes
  1129 | D:1      | Found Xisemez's Weapon Shop.
  1134 | D:1      | 1134 ||| BUYING +0 mace (42 gold).
  1134 | D:1      | Bought a +0 mace for 42 gold pieces
  1134 | D:1      | 1134 ||| DROPPING +0 club.
  1285 | D:1      | 1285 ||| UPGRADING to +0 buckler.
  1290 | D:1      | 1290 ||| UPGRADING to +0 chain mail.
  1300 | D:1      | 1300 ||| DROPPING +0 leather armour.
  1301 | D:1      | 1301 ||| READING scroll labelled GAHENT QUEN.
  1302 | D:1      | 1302 ||| READING scroll labelled ZILEVVO MITOU.
  1303 | D:1      | 1303 ||| DROPPING scroll of blinking.
  1372 | D:2      | HP: 4/17 [poisoned by an adder]
  1374 | D:2      | Reached skill level 1 in Shields
  1374 | D:2      | Reached XP level 3. HP: 3/21 MP: 7/7
  1377 | D:2      | 1377 ||| FLEEEEING.
  1378 | D:2      | 1378 ||| FLEEEEING.
  1379 | D:2      | 1379 ||| FLEEEEING.
  1381 | D:2      | 1381 ||| FLEEEEING.
  1382 | D:2      | 1382 ||| FLEEEEING.
  1383 | D:2      | 1383 ||| FLEEEEING.
  1384 | D:2      | 1384 ||| FLEEEEING.
  1386 | D:2      | 1386 ||| FLEEEEING.
  1387 | D:2      | 1387 ||| FLEEEEING.
  1388 | D:2      | 1388 ||| STAIRDANCE
  1629 | D:2      | 1629 ||| STAIRDANCE
  1670 | D:2      | 1670 ||| STAIRDANCE
  1794 | D:2      | Found a runed translucent door.
  1795 | D:2      | Noticed Crazy Yiuf
  1872 | D:2      | Noticed Natasha
  1881 | D:2      | Killed Natasha
  1882 | D:2      | Reached skill level 4 in Axes
  1882 | D:2      | Reached XP level 4. HP: 20/26 MP: 8/8
  2408 | D:2      | Found Fiomuih's Antique Armour Shop.
  2415 | D:2      | 2415 ||| SHOPLISTING runed plate armour (520 gold, have
                  | 45).
  2415 | D:2      | 2415 ||| SHOPLISTING shiny scale mail (140 gold, have 45).
  2512 | D:2      | Noticed Natasha
  2513 | D:2      | 2513 ||| Stepping ~*~*~tactically~*~*~ (stealth).
  2514 | D:2      | 2514 ||| Stepping ~*~*~tactically~*~*~ (stealth).
  2521 | D:2      | Found a faded altar of an unknown god.
  2526 | D:2      | 2526 ||| Stepping ~*~*~tactically~*~*~ (water).
  2531 | D:2      | Slain by a worm

Levels and vault maps discovered:
D:1:      amcnicky_arrival_feature_with_door, layout_basic, serial_shops,
          nicolae_shop_hallway_stairs, minmay_pentomino_r2
D:2:      layout_loops_corners, shapermc_ecumenical_altar_starsandcircs,
          serial_shops, shop, uniq_natasha, uniq_crazy_yiuf_cottage

Skill      XL: |  1  2  3 |
---------------+----------+-----
Axes           | 3 4 |  4.5
Shields        | 1 |  1.1
Fighting       | |  2.0
Throwing       | |  1.0
Armour         | |  1.1
Dodging        | |  2.1
Spellcasting   | |  2.0
Translocations | |  2.4

Action                   |  1- 3 |  4- 6 || total
-------------------------+-------+-------++-------
Melee: Hand axe          |    55 |    34 ||    89
       Kick              |    14 |     9 ||    23
       Peck              |     4 |     5 ||     9
Throw: Boomerang         |     7 |       ||     7
  Use: Scroll            |     2 |       ||     2
Armor: Leather armour    |     5 |       ||     5
       Chain mail        |    10 |    19 ||    29
Dodge: Dodged            |    23 |     9 ||    32
Block: Buckler           |     4 |     3 ||     7

Table legend:
 A = Non-vault XP
 B = Vault XP
 C = Vault XP percentage of total XP
 D = Non-vault monster count
 E = Vault monster count
 F = Vault count percentage of total count
                 A         B        C        D         E       F
            +---------+---------+-------+---------+---------+-------
      Total |      60 |      38 |  38.8 |      27 |       3 |  10.0
            +---------+---------+-------+---------+---------+-------
        D:1 |      27 |       3 |  10.0 |      15 |       2 |  11.8
        D:2 |      33 |      35 |  51.5 |      12 |       1 |   7.7
            +---------+---------+-------+---------+---------+-------
